Workbook

Sheet Beneficiarios
A2: EMPRESA DE GENERACION HIDROELECTRICA DOMINICANA
A3: AÑO 2021
A4: Detalles sobre Beneficiarios de Asistencia Social
A5: Valores en RD$
A7: Concepto | B7: Nombre del programa | C7: Subsidio o beneficio | D7: Instancia que lo gestiona | E7: Requisitos para postular | F7: Montos globales asignados | G7: Periodo o plazo de postulacón | H7: Criterios de evacuación y asignación | I7: Objetivos del subsidio o beneficio
A8: Ayuda comunitaria | B8: Ayuda para Fiesta | C8: Agasajar fundadores | D8: Fundacion Global Francisco Presinal | E8: N/A | F8: RD $80,000.00 | G8: Dic.2021 | H8: Carta solicitud y copia de cédula | I8: Agasajar a los miembros de la fundacion
A9: Ayuda comunitaria | B9: Ayuda para pago de boletos | C9: Ayuda para pagar 25 bolteos de una rifa | D9: TELEVIDA | E9: N/A | F9: RD $25,000.00 | G9: Dic.2021 | H9: Carta solicitud y factura | I9: Se trata de aportar a los gastos de esta rifa
A10: Ayuda comunitaria | B10: Ayuda para aportes | C10: Ayuda para recaudacion de fondos | D10: Fundacion Laso | E10: N/A | F10: RD $ 50,000.00 | G10: Dic.2021 | H10: Carta solicitud, cotización, | I10: Contribuir con fondos para diversoos proyectos
A11: Deporte | B11: Ayuda para gasto de evento | C11: Ayuda para cubrir parte de los gastos del evento | D11: Club Voleibol Dorca Rodriguez | E11: N/A | F11: RD $30,000.00 | G11: Dic.2021 | H11: Carta solicitud | I11: Ayudar a cubrir los últimos gastos
A12: Ayuda comunitaria | B12: Ayuda para gasto medico | C12: Ayuda para cubrir gastos medicos | D12: Laudio Audiologia ( julissa Tejeda) | E12: N/A | F12: US $ 2,000.00 | G12: Dic.2021 | H12: Solicitud, presupuesto y copia de cédula | I12: Ayudar a cubrir los últimos gastos
A13: Ayuda comunitaria | B13: Ayuda de pagos | C13: Ayuda para compra de maquinas de coser | D13: Liberty Techonology( Junta Vecinos Mujeres Mama Tingo | E13: N/A | F13: RD $ 45,961.00 | G13: Dic.2021 | H13: Carta solicitud y factura | I13: Constribuir con instrumentos de trabajo
A14: Ayuda comunitaria | B14: Ayuda para aportes | C14: Ayuda para cubrir parte de los gastos del evento | D14: Asociacion de baloncessto SC | E14: N/A | F14: RD $ 300,000.00 | G14: Dic.2021 | H14: Carta solicitud y presupuesto | I14: Ayudar a cubrir los últimos gastos
A15: Ayuda comunitaria | B15: Ayuda de pagos | C15: Ayuda medica | D15: Bank of america( Vikana saba) | E15: N/A | F15: US$ 580.00 | G15: Dic.2021 | H15: Carta solicitud y factura | I15: Ayudar a cubrir los últimos gastos
A16: Ayuda comunitaria | B16: Ayuda de pagos | C16: ayuda para compra de materiales de construccion | D16: Madera y ferreteria danielito(Magdalena araujo luna) | E16: N/A | F16: RD $ 12,640.00 | G16: Dic.2021 | H16: Carta solicitud y factura | I16: Ayudar a cubrir los últimos gastos
A17: Ayuda comunitaria | B17: Ayuda para pago | C17: Ayuda para pagar equipos de oficina | D17: Rolfobreca(Nucleo Codia Haina-Nigua - carril y Quita Sueño | E17: N/A | F17: RD $ 50,000.00 | G17: Dic.2021 | H17: Carta solicitud | I17: constribuir con instrumentos de trabajo
B24: JOSE RAFAEL SANTANA
B25: Encargado de la Gerencia de Bienestar y Asistencia Social
B26: Gerencia de Bienestar Social

Sheet Nómina Beneficiarios
A2: EMPRESA DE GENERACION HIDROELECTRICA EGEHID
A3: Año 2021
A4: Nómina de Beneficiarios de Asistencia Social
A7: Concepto | B7: Nombre del programa | C7: Subsidio o beneficio | D7: Fecha de otorgamiento | E7: Monto | F7: Montos globales asignados | G7: Periodo o plazo de postulacón | H7: Criterios de evacuación y asignación | I7: Objetivos del subsidio o beneficio
A8: =+Beneficiarios!A8 -> Ayuda comunitaria | B8: =+Beneficiarios!B8 -> Ayuda para Fiesta | C8: =+Beneficiarios!C8 -> Agasajar fundadores | D8: =+Beneficiarios!G8 -> Dic.2021 | E8: =+Beneficiarios!F8 -> RD $80,000.00 | F8: =+Beneficiarios!F8 -> RD $80,000.00 | G8: =+Beneficiarios!G8 -> Dic.2021 | H8: =+Beneficiarios!H8 -> Carta solicitud y copia de cédula | I8: =+Beneficiarios!I8 -> Agasajar a los miembros de la fundacion
A9: =+Beneficiarios!A9 -> Ayuda comunitaria | B9: =+Beneficiarios!B9 -> Ayuda para pago de boletos | C9: =+Beneficiarios!C9 -> Ayuda para pagar 25 bolteos de una rifa | D9: =+Beneficiarios!G9 -> Dic.2021 | E9: =+Beneficiarios!F9 -> RD $25,000.00 | F9: =+Beneficiarios!F9 -> RD $25,000.00 | G9: =+Beneficiarios!G9 -> Dic.2021 | H9: =+Beneficiarios!H9 -> Carta solicitud y factura | I9: =+Beneficiarios!I9 -> Se trata de aportar a los gastos de esta rifa
A10: =+Beneficiarios!A10 -> Ayuda comunitaria | B10: =+Beneficiarios!B10 -> Ayuda para aportes | C10: =+Beneficiarios!C10 -> Ayuda para recaudacion de fondos | D10: =+Beneficiarios!G10 -> Dic.2021 | E10: =+Beneficiarios!F10 -> RD $ 50,000.00 | F10: =+Beneficiarios!F10 -> RD $ 50,000.00 | G10: =+Beneficiarios!G10 -> Dic.2021 | H10: =+Beneficiarios!H10 -> Carta solicitud, cotización, | I10: =+Beneficiarios!I10 -> Contribuir con fondos para diversoos proyectos
A11: =Beneficiarios!A11 -> Deporte | B11: =Beneficiarios!B11 -> Ayuda para gasto de evento | C11: =Beneficiarios!C11 -> Ayuda para cubrir parte de los gastos del evento | D11: Agost.2021 | E11: =$F$11 -> RD $30,000.00 | F11: =Beneficiarios!F11 -> RD $30,000.00 | G11: =Beneficiarios!G11 -> Dic.2021 | H11: =Beneficiarios!H11 -> Carta solicitud | I11: =Beneficiarios!I11 -> Ayudar a cubrir los últimos gastos
A12: =Beneficiarios!A12 -> Ayuda comunitaria | B12: =Beneficiarios!B12 -> Ayuda para gasto medico | C12: =Beneficiarios!C12 -> Ayuda para cubrir gastos medicos | D12: Agost.2021 | E12: =$F$12 -> US $ 2,000.00 | F12: =Beneficiarios!F12 -> US $ 2,000.00 | G12: =Beneficiarios!G12 -> Dic.2021 | H12: =Beneficiarios!H12 -> Solicitud, presupuesto y copia de cédula | I12: =Beneficiarios!I12 -> Ayudar a cubrir los últimos gastos
A13: =Beneficiarios!A17 -> Ayuda comunitaria | B13: =Beneficiarios!B17 -> Ayuda para pago | C13: =Beneficiarios!C17 -> Ayuda para pagar equipos de oficina | D13: Agost.2021 | E13: =$F$13 -> RD $ 50,000.00 | F13: =Beneficiarios!F17 -> RD $ 50,000.00 | G13: =Beneficiarios!G17 -> Dic.2021 | H13: =Beneficiarios!H17 -> Carta solicitud | I13: =Beneficiarios!I17 -> constribuir con instrumentos de trabajo
A14: Ayuda comunitaria | B14: Ayuda de pagos | C14: Ayuda para compra de maquinas de coser | D14: Liberty Techonology( Junta Vecinos Mujeres Mama Tingo | E14: N/A | F14: RD $ 45,961.00 | G14: Dic.2021 | H14: Carta solicitud y factura | I14: Constribuir con instrumentos de trabajo
A15: Ayuda comunitaria | B15: Ayuda para aportes | C15: Ayuda para cubrir parte de los gastos del evento | D15: Asociacion de baloncessto SC | E15: N/A | F15: RD $ 300,000.00 | G15: Dic.2021 | H15: Carta solicitud y presupuesto | I15: Ayudar a cubrir los últimos gastos
A16: Ayuda comunitaria | B16: Ayuda de pagos | C16: Ayuda medica | D16: Bank of america( Vikana saba) | E16: N/A | F16: US$ 580.00 | G16: Dic.2021 | H16: Carta solicitud y factura | I16: Ayudar a cubrir los últimos gastos
A17: Ayuda comunitaria | B17: Ayuda de pagos | C17: ayuda para compra de materiales de construccion | D17: Madera y ferreteria danielito(Magdalena araujo luna) | E17: N/A | F17: RD $ 12,640.00 | G17: Dic.2021 | H17: Carta solicitud y factura | I17: Ayudar a cubrir los últimos gastos
E25: JOSE RAFAEL SANTANA
E26: Encargado de la Gerencia de Bienestar y Asistencia Social
E27: Gerencia de Bienestar Social
